 Dungeon Crawl Stone Soup version 0.30-a0-29-g142975f185 (webtiles) character file.

Game seed: 1526665352504457340

7037 Spectrina the Thaumaturge (level 11, -2/57 HPs)
             Began as a Djinni Venom Mage on Aug 26, 2022.
             Was an Initiate of Yredelemnul.
             Slain by a spriggan defender skeleton (9 damage)
             ... on level 1 of the Abyss.
             The game lasted 01:01:01 (6810 turns).

Spectrina the Thaumaturge (Djinni Venom Mage)       Turns: 6810, Time: 01:01:02

Health: -2/57      AC: 12    Str:  6 (7)  XL:     11   Next: 29%
Gold:   557        EV: 15    Int: 16      God:    Yredelemnul [......] SH:  0 Dex: 21

rFire   + + .      SeeInvis .    A - +1 dagger (vamp)
rCold   x . .      Faith    .    (no shield)
rNeg    . . .      Spirit   .    F - +2 robe {Archmagi}
rPois   ∞          Reflect  .    q - +1 helmet
rElec   .          Harm     .    L - +0 cloak
rCorr   .          Rampage  .    Y - +0 pair of gloves
Will    +....      Archmagi +    (boots unavailable)
Stlth   +++....... Rage     9%   (no amulet)
HPRegen 0.19/turn                P - +6 ring of dexterity
MPRegen 0.00/turn                O - +4 ring of protection

@: about to teleport, flying, unable to drink
A: sickness immunity, fire resistance 2, cold vulnerability 1, float, innate
caster, HP casting, extra vitality 1, [berserk 2], [deterioration 2], [dopey 2],
[frail 2], [screaming 2], [subdued magic 2], [inability to drink after injury 2]
a: Renounce Religion, Recall Undead Harvest


You were on level 1 of the Abyss.
You worshipped Yredelemnul.
Yredelemnul was noncommittal.
You visited 2 branches of the dungeon, and saw 11 of its levels.
You visited the Abyss 1 time.

You collected 557 gold pieces.

Inventory:

Hand Weapons
 v - a +0 quarterstaff
 A - a +1 vampiric dagger (weapon)
 H - a +6 scimitar of venom
 W - a +2 shortbow of flaming
Missiles
 g - 6 curare-tipped darts (quivered)
 r - 8 javelins
Armour
 q - a +1 helmet (worn)
 x - a +3 ring mail of fire resistance
 F - a +2 robe of the Archmagi (worn)
 L - a +0 cloak (worn)
 Q - a +2 robe of cold resistance
 Y - a +0 pair of gloves (worn)
Magical Staves
 K - a staff of death
Jewellery
 E - a ring of positive energy
 O - a +4 ring of protection (right hand)
 P - a +6 ring of dexterity (left hand)
 S - a ring of resist corrosion
Wands
 o - a wand of polymorph (7)
 w - a wand of quicksilver (14)
 D - a wand of flame (37)
 G - a wand of digging (3)
 R - a wand of mindburst (19)
 T - a wand of paralysis (8)
Scrolls
 c - 6 scrolls of poison
 d - 4 scrolls of magic mapping {unknown}
 i - 3 scrolls of teleportation
 j - 4 scrolls of noise {unknown}
 s - a scroll of vulnerability {unknown}
 t - 4 scrolls of fog
 u - a scroll of blinking {unknown}
 y - a scroll of torment {unknown}
 B - 3 scrolls of immolation {unknown}
 M - 2 scrolls of enchant weapon {unknown}
 V - a scroll of enchant armour {unknown}
 X - a scroll of amnesia {unknown}
Potions
 e - 2 potions of haste
 k - a potion of cancellation
 l - 7 potions of curing
 m - 2 potions of ambrosia
 n - 2 potions of berserk rage
 z - a potion of heal wounds
 C - 2 potions of lignification
 N - a potion of mutation {unknown}
 U - a potion of attraction {unknown}


   Skills:
 + Level 3.7 Fighting
 + Level 5.0 Dodging
 + Level 4.0 Stealth
 * Level 11.5 Spellcasting
 + Level 3.7 Invocations


You had 10 spell levels left.
You knew the following spells:

 Your Spells              Type           Power      Damage    Failure   Level
a - Sting                 Tmut/Pois      100%       1d8       0%          1
f - Shock                 Conj/Air       100%       1d9       0%          1
k - Tukima's Dance        Hex            43%        N/A       1%          3
l - Mephitic Cloud        Conj/Pois/Air  43%        N/A       1%          3
m - Confusing Touch       Hex            43%        N/A       1%          3
p - Call Imp              Summ           43%        N/A       1%          2
q - Poisonous Vapours     Pois/Air       86%        N/A       1%          2
w - Olgreb's Toxic Radia  Pois           43%        N/A       1%          4
M - Animate Dead          Necr           43%        N/A       1%          4
Your spell library was empty.

Dungeon Overview and Level Annotations

Branches:
Dungeon (10/15)            Temple (1/1) D:4
   Lair: D:8-11         Orc: D:9-12

Altars:
Ashenzari
Cheibriados
Dithmenos
Elyvilon
Fedhas
Gozag
Hepliaklqana
Makhleb
Nemelex Xobeh
Okawaru
Qazlal
Ru
Trog
Uskayaw
Wu Jian
Xom
Yredelemnul
Zin

Shops:
D:4 =

Annotations:
D:3 1 runed translucent door, Crazy Yiuf
D:5 Prince Ribbit
D:6 2 transporters
D:10 Erolcha


Innate Abilities, Weirdness & Mutations

You are immune to sickness and miasma.
You are immune to poison.
Your flesh is very heat resistant. (rF++)
You are vulnerable to cold. (rC-)
You float through the air rather than walking.
You learn spells naturally, not from books.
Your magical power is your life essence.
You have superior vitality. (+4 MHP)
[You have an uncontrollable temper.]
[Your body often deteriorates upon taking damage.]
[You are very dopey. (Int -4)]
[You are very frail. (-20% HP)]
[You frequently scream uncontrollably at your foes.]
[Your spells are easier to cast, but less powerful.]
[You sometimes lose the ability to drink potions when taking damage.]


Message History

The lich casts a spell.
The lich flickers and vanishes!
Deactivating autopickup; reactivate with Ctrl-A.
Unknown command.
A wight comes into view. It is wielding a +3 halberd.
The spriggan defender skeleton hits you!
You feel threatened and lose the ability to drink potions!
A wight comes into view. It is wielding a +3 spear.
Unknown command.
As you read the scroll of teleportation, it crumbles to dust.
You feel strangely unstable.
You feel the power of the Abyss delaying your translocation!
The spriggan defender skeleton hits you but does no damage.
The spriggan defender skeleton barely misses you.
The wretched star pulses with an eldritch light!
You feel yourself wasting away.
You feel your body start to fall apart.
Unknown command.
A wight comes into view. It is wielding a +0 falchion.
A bone dragon comes into view.
Unknown command.
The spriggan defender skeleton attacks as you move away!
The spriggan defender skeleton hits you!
A wight comes into view. It is wielding a +0 hand axe.
The spriggan defender skeleton closely misses you.
Unknown command.
The spriggan defender skeleton barely misses you.
The spriggan defender skeleton attacks as you move away!
The spriggan defender skeleton hits you!
* * * LOW HITPOINT WARNING * * *
Your body deteriorates!
You feel weakened.
Unknown command.
The spriggan defender skeleton attacks as you move away!
The spriggan defender skeleton hits you but does no damage.
The wretched star pulses with an eldritch light!
The spriggan defender skeleton barely misses you.
Unknown command.
The spriggan defender skeleton attacks as you move away!
The spriggan defender skeleton hits you!
You die...
Your body rises from the dead as a mindless zombie.

# . .. ...... . .#
... ...........#
..X# . . .
#######'##..#
...#### ##
#.........#..###
...... .
.........#....#
..... . .
........#....#.....#
.
.#.#....#....#..{.L
. #
.#.......#...#..#
.#. #@.#..#{.### .
#Z.##.*. ..###
#..#.##..#. . .# .
#..##..## .##Z. #
#..##z.##. ##..#
.......z*z........
.......z...........
.##..##..##..##..##
...##...##... ....


You could see a wretched star, 3 wights and a spriggan defender skeleton.

Vanquished Creatures
  A troll (D:10)
  A raiju (Abyss:1)
  A wyvern (D:8)
  2 yaks (D:9)
  2 steam dragons
  Duvessa (D:5)
  2 black bears
  A centaur (D:9)
  A phantom (D:4)
  Blork the orc (D:5)
  5 kobold brigands
  2 bullfrogs
  6 scorpions
  A wight (D:8)
  Dowan (D:5)
  A yak zombie (D:9)
  4 hounds
  A jelly (D:6)
  Jessica (D:3)
  4 iguanas
  Ijyb (D:5)
  A kobold zombie (D:9)
  Robin (D:3)
  11 gnolls (D:4)
  13 adders
  A shadow imp (D:7)
  2 white imps
  2 worms
  2 dart slugs
  5 orcs
  8 bats
  6 endoplasms
  3 giant cockroaches
  14 goblins
  13 hobgoblins
  4 jackals (D:4)
  8 quokkas
  6 ball pythons
  48 kobolds
  8 rats
196 creatures vanquished.

Vanquished Creatures (collateral kills)
  3 two-headed ogres
  2 kobold demonologists (D:9)
  A troll (D:9)
  A raiju (Abyss:1)
  A yak (D:9)
  A steam dragon (D:9)
  A black bear (D:6)
  An ogre (D:6)
  A bullfrog (D:7)
  A kobold brigand (D:4)
  12 wights
  An orc priest (D:7)
  2 orcs (D:7)
  3 kobolds
  A spectral kobold (D:8)
32 creatures vanquished.

Vanquished Creatures (others)
  A dancing weapon (D:9)
  A raiju zombie (Abyss:1)
  A hound zombie (D:6)
  A kobold (D:9)
  A kobold zombie (D:9)
  4 fungi
  3 plants (D:5)
12 creatures vanquished.

Grand Total: 240 creatures vanquished

Notes
Turn   | Place    | Note
-------+----------+-------------------------------------------
     0 | D:1      | Spectrina the Djinni Venom Mage began the quest for the
                  | Orb.
     0 | D:1      | Spectrina set off with the following spells memorised:
                  | Sting, Poisonous Vapours, Mephitic Cloud, Olgreb's Toxic
                  | Radiance.
     0 | D:1      | Reached XP level 1. HP: 15/15 MP: 0/0
   166 | D:3      | Reached XP level 2. HP: 7/21 MP: 0/0
   202 | D:3      | Noticed Jessica
   288 | D:2      | Reached skill level 3 in Spellcasting
   301 | D:1      | HP: 1/21 [quokka (1)]
   402 | D:1      | Reached XP level 3. HP: 15/25 MP: 0/0
   402 | D:1      | Learned a level 1 spell: Shock
   665 | D:2      | Reached XP level 4. HP: 19/31 MP: 0/0
   687 | D:2      | Found a faded altar of an unknown god.
   925 | D:3      | Killed Jessica
   926 | D:3      | Reached skill level 4 in Spellcasting
   926 | D:3      | Reached XP level 5. HP: 21/35 MP: 0/0
   926 | D:3      | Learned a level 2 spell: Call Imp
  1024 | D:3      | Noticed Robin
  1030 | D:3      | Killed Robin
  1159 | D:4      | Noticed a phantom
  1773 | D:4      | Reached XP level 6. HP: 19/40 MP: 0/0
  1774 | D:4      | Reached skill level 5 in Spellcasting
  2001 | D:3      | Found a runed translucent door.
  2003 | D:3      | Noticed Crazy Yiuf
  2256 | D:4      | Reached XP level 7. HP: 16/45 MP: 0/0
  2256 | D:4      | Learned a level 3 spell: Confusing Touch
  2293 | D:4      | Reached skill level 6 in Spellcasting
  2332 | D:4      | Found a staircase to the Ecumenical Temple.
  2412 | Temple   | Entered the Ecumenical Temple
  2560 | D:4      | Found Wexih's Jewellery Emporium.
  2631 | D:5      | Entered Level 5 of the Dungeon
  2631 | D:5      | Noticed Ijyb
  2638 | D:5      | Killed Ijyb
  2941 | D:4      | Reached XP level 8. HP: 15/50 MP: 0/0
  3121 | D:6      | Found a transporter.
  3221 | D:5      | Noticed Blork the orc
  3235 | D:5      | Killed Blork the orc
  3236 | D:5      | Reached skill level 7 in Spellcasting
  3266 | D:5      | Noticed Prince Ribbit
  3369 | D:5      | Noticed Dowan
  3373 | D:5      | Killed Dowan
  3373 | D:5      | Noticed Duvessa
  3396 | D:5      | Killed Duvessa
  3414 | D:5      | Found a sacrificial altar of Ru.
  3455 | D:5      | Reached skill level 8 in Spellcasting
  3660 | D:6      | Found a stormy altar of Qazlal.
  3765 | D:6      | Found a transporter.
  3819 | D:7      | Found a shadowy altar of Dithmenos.
  3873 | D:7      | Reached XP level 9. HP: 37/55 MP: 0/0
  3873 | D:7      | Learned a level 3 spell: Tukima's Dance
  4177 | D:8      | Reached skill level 9 in Spellcasting
  4223 | D:8      | Noticed a two-headed ogre
  4243 | D:8      | Killed a two-headed ogre
  4330 | D:8      | Found a broken altar of Ashenzari.
  4404 | D:9      | Noticed a two-headed ogre
  4430 | D:8      | Reached skill level 10 in Spellcasting
  4471 | D:8      | Found a hazy altar of Hepliaklqana.
  4821 | D:7      | Reached XP level 10. HP: 24/60 MP: 0/0
  4868 | D:7      | Found a shimmering altar of Xom.
  4869 | D:7      | Found a burning altar of Makhleb.
  4871 | D:7      | Found a snail-covered altar of Cheibriados.
  4907 | D:6      | Found an iron altar of Okawaru.
  4957 | D:6      | Found an ornate altar of the Wu Jian Council.
  5159 | D:6      | Found a basalt altar of Yredelemnul.
  5172 | D:6      | Became a worshipper of Yredelemnul the Dark
  5244 | D:6      | Found a bloodstained altar of Trog.
  5263 | D:6      | Reached skill level 1 in Fighting
  5263 | D:6      | Reached skill level 1 in Invocations
  5264 | D:6      | Reached * piety under Yredelemnul
  5697 | D:9      | Killed a two-headed ogre
  5698 | D:9      | Reached skill level 11 in Spellcasting
  5721 | D:9      | Reached ** piety under Yredelemnul
  5724 | D:9      | Reached *** piety under Yredelemnul
  5775 | D:9      | HP: 2/65 [troll (7)]
  5942 | D:9      | Noticed a kobold demonologist
  5945 | D:9      | Killed a kobold demonologist
  5952 | D:9      | Reached **** piety under Yredelemnul
  5956 | D:9      | Noticed a kobold demonologist
  5960 | D:9      | Reached XP level 11. HP: 11/70 MP: 0/0
  5960 | D:9      | Learned a level 4 spell: Animate Dead
  6139 | D:9      | Noticed a two-headed ogre
  6151 | D:9      | Killed a two-headed ogre
  6270 | D:10     | Entered Level 10 of the Dungeon
  6287 | D:10     | Found a hide-covered altar of Uskayaw.
  6374 | D:10     | Noticed Erolcha
  6382 | Abyss:1  | Cast into level 1 of the Abyss (Erolcha)
  6456 | Abyss:1  | Noticed a bone dragon
  6460 | Abyss:1  | Reached skill level 5 in Dodging
  6546 | Abyss:1  | Noticed a tentacled starspawn
  6552 | Abyss:1  | Noticed a wretched star
  6615 | Abyss:1  | Noticed a vampire mage
  6713 | Abyss:1  | Noticed a starcursed mass
  6728 | Abyss:1  | Noticed a mana viper
  6763 | Abyss:1  | Noticed a wretched star
  6774 | Abyss:1  | Noticed a wretched star
  6797 | Abyss:1  | Noticed a lich
  6804 | Abyss:1  | Noticed a bone dragon
  6810 | Abyss:1  | Slain by a spriggan defender skeleton

Illustrated notes

Levels and vault maps discovered:
D:1:      lightli_arrival_farm, layout_basic
D:2:      layout_basic, shapermc_ecumenical_altar_mp_vishouse, serial_glass,
          glass_columns_a, glass_columns_a, glass_columns_a, glass_columns_a,
          glass_columns_b, glass_columns_c, feat_on_display, item_on_display_a,
          minmay_strange_pillars, minmay_strange_pillars,
          grunt_decor_resistance, st_stairs_2, kennysheep_flooded_box
D:3:      layout_basic, lemuel_round_altar, minmay_misc_feat_enclosed,
          kennysheep_nondescript, uniq_jessica, uniq_robin,
          uniq_crazy_yiuf_cottage
D:4:      minmay_goblin_kobold_castle, layout_rooms,
          minmay_temple_entry_sparse_star, serial_shops, kennysheep_mini_moat,
          kennysheep_generic_room_6
D:5:      old_forge, layout_gridville, lemuel_round_altar,
          hangedman_decor_slide_cut, uniq_ijyb, uniq_prince_ribbit1,
          uniq_blork_the_orc, uniq_duvessa, uniq_sigmund
D:6:      gammafunk_cloud_chamber, layout_basic, trog_ov_bears_minmay,
          pdpol_wu_jian_five_deadly_venoms, mainiacjoe_overflow_alcove_1,
          mainiacjoe_overflow_catwalk, mainiacjoe_overflow_tiny_flanked,
          minmay_between
D:7:      layout_basic, grunt_dithmenos_smoke_and_mirrors,
          chequers_temple_overflow_statue_of_worship
D:8:      layout_gridville, ashenzari_altar_1,
          nicolae_hepliaklqana_monster_ancestors, chequers_serial_rivers_micro_a
D:9:      layout_basic
D:10:     layout_big_octagon, nicolae_uskayaw_murder_on_the_dancefloor,
          lair_entry_dummy, gammafunk_ghost_icy, uniq_erolcha
Temple:   hellmonk_temple_beads
Abyss:1:  base: D:8, evilmike_abyss_exit_mutagenic, minivault_19,
          bh_abyss_xom_lugonu_altar

Skill      XL: |  1  2  3  4  5  6  7  8  9 10 11 |
---------------+----------------------------------+-----
Spellcasting   | 3 4 5 6 8 10 11 | 11.5
Fighting       | 2 3 |  3.7
Stealth        | 3 4 |  4.0
Invocations    | 2 3 |  3.7
Dodging        | 4 5 |  5.0

Action                   |  1- 3 |  4- 6 |  7- 9 | 10-12 || total
-------------------------+-------+-------+-------+-------++-------
Melee: Unarmed           |     2 |     7 |       |       ||     9
       Quarterstaff      |       |     5 |    19 |       ||    24
       Dagger            |       |       |   104 |    61 ||   165
       Punch             |       |       |     3 |       ||     3
       Executioner's axe |       |       |     2 |       ||     2
Throw: Javelin           |     3 |       |       |       ||     3
 Cast: Sting             |    27 |    47 |    38 |     4 ||   116
       Poisonous Vapours |     1 |     5 |    25 |    10 ||    41
       Shock             |    16 |    39 |    30 |     1 ||    86
       Olgreb's Toxic Ra |       |     6 |    14 |     9 ||    29
       Call Imp          |       |     2 |    17 |     8 ||    27
       Mephitic Cloud    |       |       |     4 |     2 ||     6
       Confusing Touch   |       |       |    11 |    15 ||    26
       Tukima's Dance    |       |       |    17 |    19 ||    36
  Use: Potion            |     1 |       |       |       ||     1
       Scroll            |       |       |       |    15 ||    15
 Stab: Confused          |       |       |     6 |     8 ||    14
       Sleeping          |       |       |     4 |     4 ||     8
Armor: Robe              |     8 |     4 |    33 |    26 ||    71
       Animal skin       |       |     6 |     2 |       ||     8
       Ring mail         |       |       |    14 |       ||    14
Dodge: Dodged            |    16 |    32 |    56 |    51 ||   155

Table legend: (Time is in decaauts)
 A = Elapsed time spent in this place.
 B = Non-inter-level travel time spent in this place.
 C = Inter-level travel time spent in this place.
 D = Time resting spent in this place.
 E = Time spent auto-exploring this place.
 F = Levels seen in this place.
 G = Mean time per level.
                   A        B        C        D        E       F      G
               +--------+--------+--------+--------+--------+-----+--------+
         Total |   6816 |   6191 |    625 |      0 |      0 |  12 |  568.0 |
       Dungeon |   6294 |   5681 |    613 |      0 |      0 |  10 |  629.4 |
        Temple |     93 |     81 |     12 |      0 |      0 |   1 |   93.0 |
         Abyss |    427 |    427 |      0 |      0 |      0 |   1 |  427.0 |
               +--------+--------+--------+--------+--------+-----+--------+

Top non-repeatable levels by time:
     D:3: 1001 daAuts
     D:4: 996 daAuts
     D:8: 819 daAuts
     D:6: 706 daAuts
     D:5: 609 daAuts
     D:9: 605 daAuts
     D:7: 540 daAuts
     D:2: 480 daAuts
 Abyss:1: 427 daAuts
     D:1: 422 daAuts
    D:10: 111 daAuts
  Temple: 93 daAuts
